AoeStats
← Big Papi

Black Forest

508575891Analyzed
3v3 RM · 8d ago on Sep 23, 2026· 54m 22s· 6 players
Game mode
Random Map
Map size
Normal (6 player)
Population
200
Speed
Normal
Resources
Standard
Victory
Conquest
Starting age
Dark Age
Ending age
Imperial Age
RankedLock teamsTeams togetherTeam positionsShared explorationLock speedFull tech treeHidden civsTurbo modeCheats
Victory
Defeat
🇺🇸 Varangians · United States
1081
+13
🇺🇸 Saxons · United States
1043
+14
🇺🇸 Danes · United States
1017
+15
🇺🇸 Burgundians · United States
1082
-16
🇨🇴 Khmer · Colombia
1017
-15
🇦🇷 Koreans · Argentina
925
-11
Big Papi
0:44 Loom
7:58 Loom
10:14 Feudal Age
10:45 Double-Bit Axe
11:43 Horse Collar
15:18 Wheelbarrow
15:11 Horse Collar
17:25 Town Watch
20:02 Castle Age
18:41 Gold Mining
18:47 Stone Mining
21:52 Fletching
26:19 Elite Skirmisher
28:21 Hand Cart
31:43 Gold Shaft Mining
32:20 Bodkin Arrow
33:28 Forging
34:44 Murder Holes
38:40 Imperial Age
36:35 Ballistics
37:08 Bow Saw
39:18 Stone Shaft Mining
39:19 Heavy Plow
40:58 Iron Casting
40:38 Fervor
40:44 Block Printing
40:42 Fervor
40:53 Sanctity
40:29 Cavalier
42:28 Conscription
42:24 Masonry
43:21 Chemistry
46:01 Elite War Wagon
rachingenieria.x
8:49 Loom
12:56 Feudal Age
14:53 Double-Bit Axe
16:05 Horse Collar
19:43 Castle Age
19:47 Stone Mining
23:13 Wheelbarrow
23:12 Bow Saw
23:49 Heavy Plow
24:34 Husbandry
24:44 Bloodlines
28:40 Hand Cart
28:27 Gold Mining
35:33 Imperial Age
33:35 Scale Barding Armor
35:45 Tusk Swords
36:51 Conscription
37:11 Hoardings
36:44 Heavy Scorpion
37:42 Padded Archer Armor
38:05 Ballistics
38:19 Heated Shot
39:35 Crop Rotation
39:45 Stone Shaft Mining
40:02 Double Crossbow
40:08 Murder Holes
40:06 Pikeman
40:49 Halberdier
41:43 Scale Mail Armor
41:53 Forging
42:01 Arson
42:11 Capped Ram
44:08 Fletching
45:52 Light Cavalry
46:31 Bodkin Arrow
47:11 Iron Casting
48:57 Iron Casting
49:07 Chain Mail Armor
51:37 Man-at-Arms
52:58 Guard Tower
53:19 Fortified Wall
53:20 Masonry
21Hill
0:29 Loom
14:48 Feudal Age
20:17 Castle Age
19:40 Fletching
19:51 Padded Archer Armor
24:26 Double-Bit Axe
25:03 Stone Mining
26:39 Husbandry
30:35 Wheelbarrow
29:54 Gold Mining
33:01 Scale Barding Armor
32:46 Cavalier
34:28 Forging
34:44 Hand Cart
39:56 Iron Casting
39:42 Chain Barding Armor
39:46 Ballistics
40:01 Murder Holes
39:58 Town Watch
43:35 Bodkin Arrow
50:36 Imperial Age
52:51 Imperial Age
Koality
1:01 Loom
12:44 Feudal Age
16:26 Castle Age
15:02 Double-Bit Axe
19:04 Gold Mining
21:37 Forging
21:28 Scale Mail Armor
26:06 Wheelbarrow
27:46 Hand Cart
34:01 Iron Casting
34:54 Squires
41:55 Imperial Age
42:48 Elite Hearth Troop
43:48 Conscription
42:51 Shield Wall
44:38 Gold Shaft Mining
44:16 Bow Saw
47:19 Arson
47:56 Chain Mail Armor
PapiChullo
0:26 Loom
13:44 Feudal Age
17:28 Castle Age
21:41 Double-Bit Axe
22:14 Horse Collar
25:19 Wheelbarrow
25:52 Bow Saw
25:51 Gold Mining
27:29 Stone Mining
28:44 Hand Cart
28:41 Caravan
29:02 Heavy Plow
29:59 Forging
29:44 Fletching
31:44 Scale Barding Armor
31:35 Bodkin Arrow
32:16 Iron Casting
31:44 Padded Archer Armor
36:39 Imperial Age
35:08 Chain Barding Armor
35:53 Ballistics
35:44 Fortified Wall
35:30 Murder Holes
35:55 Leather Archer Armor
37:09 Stone Shaft Mining
36:30 Arson
36:45 Squires
36:30 Gambesons
36:48 Husbandry
36:59 Bloodlines
37:11 Town Watch
36:55 Vendel Legacy
37:01 Gothikon
37:05 Elite Varangian Guard
37:35 Elite Jarl
38:43 Conscription
43:06 Blast Furnace
42:07 Scale Mail Armor
42:11 Light Cavalry
42:16 Cavalier
44:53 Chain Mail Armor
45:17 Plate Barding Armor
46:20 Chemistry
48:09 Plate Mail Armor
SlickSloth
0:28 Loom
11:08 Feudal Age
15:34 Castle Age
13:41 Double-Bit Axe
14:54 Horse Collar
22:01 Wheelbarrow
21:29 Heavy Plow
21:35 Gold Mining
25:12 Stone Mining
26:16 Bow Saw
26:52 Gold Shaft Mining
26:53 Stone Shaft Mining
29:08 Hand Cart
32:24 Caravan
37:25 Imperial Age
35:02 Hamask
35:34 Gambesons
35:49 Squires
35:35 Arson
36:03 Scale Mail Armor
36:48 Forging
37:48 Elite Jomsviking
38:49 Conscription
39:14 Chain Mail Armor
39:34 Iron Casting
41:43 Blast Furnace
41:14 Plate Mail Armor
46:02 Elite Varangian Guard
Connection lost

Rejoining the realm…

Still unreachable

The connection could not be restored.

Session expired

The server has moved on; the page needs a fresh start.